 Dungeon Crawl Stone Soup version 0.21.0-3-g78d12a8 (webtiles) character file.

75 Coron the Ogre Mage (level 4, -2/42 HPs)
             Began as an Ogre Enchanter on Jan 15, 2018.
             Slain by Terence
             ... wielding a +2 mace of protection
              (6 damage)
             ... on level 2 of the Dungeon.
             The game lasted 00:06:24 (2129 turns).

Coron the Ogre Mage (Ogre Enchanter)                Turns: 2129, Time: 00:06:24

Health: -2/42      AC:  7    Str: 13    XL:     4   Next: 31%
Magic:  8/8        EV: 10    Int: 16    God:
Gold:   100        SH:  0    Dex: 14    Spells: 6/9 levels left

rFire    . . .     SeeInvis .   x - +0 hand axe
rCold    . . .     Gourm    .   (no shield)
rNeg     . . .     Faith    .   v - +0 acid dragon scales
rPois    .         Spirit   .   (helmet restricted)
rElec    .         Reflect  .   (no cloak)
rCorr    +         Harm     .   (gloves unavailable)
MR       .....                  (boots unavailable)
Stlth    ++........             i - amulet of rage
HPRegen  0.14/turn              k - ring of resist corrosion
MPRegen  0.11/turn              o - +5 ring of dexterity

@: berserk cooldown, slowed, very slow
A: large, unfitting armour, tough skin 1
a: Evoke Berserk Rage


You were on level 2 of the Dungeon.
You were very hungry.

You visited 1 branch of the dungeon, and saw 2 of its levels.

You collected 100 gold pieces.

Inventory:

Hand Weapons
 a - a +1 dagger
 x - a +0 hand axe (weapon)
Missiles
 s - 2 throwing nets (quivered)
Armour
 b - a +0 robe
 v - +0 acid dragon scales (worn)
Jewellery
 i - an amulet of rage (around neck)
 k - a ring of resist corrosion (left hand)
 o - a +5 ring of dexterity (right hand)
 u - an uncursed amulet of regeneration {unknown}
Scrolls
 f - a scroll of enchant weapon {unknown}
 h - a scroll of teleportation {unknown}
 j - a scroll of magic mapping
 m - 3 scrolls of identify
 n - 2 scrolls of remove curse {unknown}
 p - a scroll of amnesia {unknown}
 q - a scroll of noise {unknown}
 r - a scroll of fog {unknown}
Potions
 e - a potion of might {unknown}
 l - 2 potions of degeneration {unknown}
 t - a potion of ambrosia {unknown}
 w - a potion of resistance {unknown}
Books
 c - a book of Maledictions

   Spells                             Type                      Level
   a - Corona                         Hexes                        1
   b - Ensorcelled Hibernation        Hexes/Ice                    2
   c - Confuse                        Hexes                        3
   d - Tukima's Dance                 Hexes                        3
   e - Dazzling Spray                 Conjuration/Hexes            3
Comestibles
 d - 6 rations
 g - a chunk of flesh


   Skills:
 + Level 2.2 Fighting
 - Level 0.8 Short Blades
 + Level 0.5 Armour
 - Level 2.3 Dodging
 - Level 2.1 Stealth
 + Level 3.1 Spellcasting
 - Level 3.0 Hexes
 + Level 0.9 Evocations


You had 6 spell levels left.
You knew the following spells:

 Your Spells              Type           Power        Failure   Level  Hunger
a - Corona                Hex            ##.....      8%          1    None
b - Ensorcelled Hibernat  Hex/Ice        #.....       22%         2    ##.....


Dungeon Overview and Level Annotations

Branches:
Dungeon (2/15)

Altars:

Annotations:
D:2 Terence


Innate Abilities, Weirdness & Mutations

You are too large for most types of armour.
You have tough skin. (AC +1)


Message History

Terence is heavily wounded.
Terence completely misses you.
You hit Terence.
Terence is severely wounded.
Terence hits you with a mace of protection.
You hit Terence but do no damage.
Terence is severely wounded.
You are no longer berserk.
You pass out from exhaustion.
You feel yourself slow down.
Terence hits you with a mace of protection.
* * * LOW HITPOINT WARNING * * *
Terence hits you but does no damage. x2
You can move again.
You closely miss Terence.
Terence is severely wounded.
Terence hits you with a mace of protection!
* * * LOW HITPOINT WARNING * * *
Terence hits you with a mace of protection.
You die...

#.##?. #.##.# #.##.#
############.##.######
......................
############.#...####
.................#
......######.#.#$#
......# .......@#
......# .##.#..@#
......+.> #......#
......## #......#
......# #......#
......##..####$...
........). ....#
..รท.####. ..[.##
....# .


You could see Terence.

Vanquished Creatures
  2 adders (D:2)
  An ooze (D:2)
  A worm (D:2)
  2 dart slugs (D:1)
  A leopard gecko (D:2)
  7 bats
  2 giant cockroaches (D:1)
  5 goblins (D:1)
  6 hobgoblins (D:1)
  2 kobolds
  A quokka (D:2)
  7 frilled lizards
  7 rats
44 creatures vanquished.

Notes
Turn   | Place    | Note
-------+----------+-------------------------------------------
     0 | D:1      | Coron the Ogre Enchanter began the quest for the Orb.
     0 | D:1      | Reached XP level 1. HP: 16/16 MP: 3/3
   182 | D:1      | Reached XP level 2. HP: 24/26 MP: 5/5
   224 | D:1      | Reached skill level 1 in Fighting
   524 | D:1      | Learned a level 2 spell: Ensorcelled Hibernation
   742 | D:1      | Reached XP level 3. HP: 32/33 MP: 7/7
  1787 | D:2      | Reached XP level 4. HP: 37/42 MP: 8/8
  2091 | D:2      | Noticed Terence
  2129 | D:2      | Slain by Terence

Skill      XL: |  1  2  3 |
---------------+----------+-----
Fighting       | 1 2 |  2.2
Dodging        | 2 |  2.3
Hexes          | 3 |  3.0
Spellcasting   | 3 |  3.1
Short Blades   | |  0.8
Armour         | |  0.5
Stealth        | |  2.1
Evocations     | |  0.9

Action                   |  1- 3 |  4- 6 || total
-------------------------+-------+-------++-------
Melee: Dagger            |   151 |       ||   151
       Hand axe          |    22 |    46 ||    68
 Cast: Corona            |     3 |       ||     3
 Abil: Evoke Berserk Rag |       |     1 ||     1
  Use: Scroll            |     2 |       ||     2
 Stab: Sleeping          |     5 |       ||     5
  Eat: Chunk             |     3 |     1 ||     4
Armor: Robe              |    36 |       ||    36
       Acid dragon scale |    12 |    18 ||    30
Dodge: Dodged            |    82 |    23 ||   105
